 Dungeon Sprint DCSS version 0.16-a0-3807-g3748f16 (console) character file.

247 Monkaria the Carver (level 6, -1/63 HPs)
             Began as a Hill Orc Fighter on Jan 28, 2015.
             Was a Plaything of Xom.
             Slain by an ogre
             ... wielding a +0 giant spiked club
              (29 damage)
             ... in the Dungeon (Sprint IX: "|||||||||||||||||||||||||||||").
             The game lasted 00:00:43 (105 turns).

Monkaria the Carver (Hill Orc Fighter)               Turns: 105, Time: 00:00:44

Health: -1/63      AC:  6    Str: 21    XL:     6   Next: 11%
Magic:  6/6        EV:  7    Int:  8    God:    Xom [..*...]
Gold:   0          SH:  9    Dex: 10    Spells: 0 memorised, 5 levels left

rFire  . . .     SeeInvis .     a - +0 long sword
rCold  . . .     Clarity  .     b - +0 scale mail
rNeg   . . .     SustAb   .     c - +0 shield
rPois  .         Gourm    .     (no helmet)
rElec  .         Spirit   .     (no cloak)
rCorr  .         Warding  .     (no gloves)
rMut   .         NoTele   +     (no boots)
MR     .....                    (no amulet)
Stlth  ..........               (no ring)
                                (no ring)

@: not resistant to hostile enchantments, extremely unstealthy
A: no striking features
a: Renounce Religion


You were in the Dungeon.
You worshipped Xom.
You were a toy of Xom.
You were not hungry.

You visited 1 branch

Inventory:

Hand weapons
 a - a +0 long sword (weapon)
Armour
 b - a +0 scale mail (worn)
 c - a +0 shield (worn)
Jewellery
 p - a +3 ring of intelligence
 q - a +2 ring of evasion
Magical devices
 o - a wand of draining (5)
Scrolls
 k - 2 scrolls of blinking
 m - 3 scrolls of remove curse
 n - 2 scrolls of amnesia
Potions
 e - a potion of might
 f - 5 potions of curing
 g - 3 potions of heal wounds
 h - a potion of haste
 i - 4 potions of magic
 j - a potion of berserk rage
 l - a potion of invisibility
Comestibles
 d - a meat ration


   Skills:
 + Level 9.1 Fighting
 * Level 11.0 Long Blades
 - Level 3.2 Armour
 - Level 3.2 Shields


You had 5 spell levels left.
You didn't know any spells.

Dungeon Overview and Level Annotations

Branches:
Dungeon (1/1)

Altars:
Cheibriados
Dithmenos
Elyvilon
Fedhas
Gozag
Kikubaaqudgha
Makhleb
Nemelex Xobeh
Okawaru
Qazlal
Ru
Sif Muna
Trog
Vehumet
Xom
Yredelemnul
Zin
The Shining One
Beogh
Jiyva
Lugonu


Message History

The bat zombie completely resists.
The bolt of negative energy hits the gnoll.
The gnoll is drained!
You kill the gnoll!
Your Long Blades skill increases to level 11!
This wand has 5 charges left.
Unknown command.
You slash the ogre!
The ogre is moderately wounded.
You block the ogre's attack.
Your shield and scale mail prevent you from hitting the ogre.
The ogre is moderately wounded.
You hit the ogre.
The ogre is moderately wounded.
You block the ogre's attack.
You slash the ogre!
The ogre is almost dead.
The ogre hits you with a giant spiked club!!
You die...
Xom titters!

▓.▓
▓.▓
▓|▓
▓)▓
▓[▓
▓[▓
▓[▓
▓.▓
▓@▓
▓O▓
▓z▓
▓Z▓
▓.▓
▓.▓
▓.▓
▓.▓
▓+▓


You could see an ogre, a wight and a bat zombie.

Vanquished Creatures
  A wyvern (D)
  A giant frog (D)
  A crimson imp (D)
  A gnoll (D)
  An adder (D)
  A bat skeleton (D)
  A goblin (D)
  A bat (D)
  2 giant cockroaches (D)
  A giant newt (D)
  A kobold (D)
  A rat (D)
13 creatures vanquished.

Notes
Turn   | Place    | Note
--------------------------------------------------------------
     0 | D        | Monkaria, the Hill Orc Fighter, began the quest for the Orb.
     0 | D        | Reached XP level 1. HP: 19/19 MP: 1/1
    16 | D        | Reached skill level 4 in Fighting
    30 | D        | Noticed a crimson imp
    33 | D        | Reached XP level 2. HP: 20/28 MP: 2/2
    52 | D        | Killed a crimson imp
    52 | D        | Reached skill level 6 in Fighting
    52 | D        | Reached XP level 3. HP: 24/37 MP: 3/3
    57 | D        | Found a glowing silver altar of Zin.
    57 | D        | Found a glowing golden altar of the Shining One.
    57 | D        | Found an ancient bone altar of Kikubaaqudgha.
    57 | D        | Found a basalt altar of Yredelemnul.
    57 | D        | Found a shimmering altar of Xom.
    57 | D        | Found a radiant altar of Vehumet.
    57 | D        | Found an iron altar of Okawaru.
    58 | D        | Found a burning altar of Makhleb.
    59 | D        | Found a deep blue altar of Sif Muna.
    60 | D        | Found a bloodstained altar of Trog.
    61 | D        | Found a sparkling altar of Nemelex Xobeh.
    62 | D        | Found a white marble altar of Elyvilon.
    63 | D        | Found a roughly hewn altar of Beogh.
    64 | D        | Became a worshipper of Xom of Chaos
    65 | D        | Found a viscous altar of Jiyva.
    66 | D        | Found a corrupted altar of Lugonu.
    67 | D        | Found a blossoming altar of Fedhas.
    68 | D        | Found a snail-covered altar of Cheibriados.
    69 | D        | Found a shadowy altar of Dithmenos.
    70 | D        | Found a stormy altar of Qazlal.
    71 | D        | Found an opulent altar of Gozag.
    72 | D        | Found a sacrificial altar of Ru.
    97 | D        | Noticed a giant frog
    97 | D        | Noticed a wyvern
    97 | D        | Noticed an ogre
    97 | D        | Noticed a wight
    99 | D        | Killed a giant frog
    99 | D        | Reached skill level 7 in Fighting
    99 | D        | Reached skill level 8 in Long Blades
    99 | D        | Reached XP level 4. HP: 34/47 MP: 4/4
   101 | D        | Killed a wyvern
   101 | D        | Reached skill level 9 in Fighting
   101 | D        | Reached skill level 10 in Long Blades
   101 | D        | Reached XP level 5. HP: 25/57 MP: 5/5
   101 | D        | Reached XP level 6. HP: 27/63 MP: 6/6
   101 | D        | Reached skill level 11 in Long Blades
   105 | D        | Slain by an ogre

Action                   |  1- 3 |  4- 6 || total
-------------------------+-------+-------++-------
Melee: Long sword        |    37 |     4 ||    41
Evoke: Wand              |       |     2 ||     2
